 Dungeon Crawl Stone Soup version 0.27.1-1-g398f81649c (webtiles) character file.

Game seed: 14362337071642615899

14490 pkoi the Brawler (level 11, -13/107 HPs)
             Began as a Troll Monk on Sept 7, 2021.
             Was a High Priest of the Shining One.
             Mangled by a manticore (18 damage)
             ... on level 12 of the Dungeon.
             The game lasted 00:15:48 (9658 turns).

pkoi the Brawler (Troll Monk)                       Turns: 9658, Time: 00:15:48

Health: -13/107    AC:  6    Str: 29    XL:     11   Next: 89%
Magic:  14/14      EV: 13    Int:  7    God:    the Shining One [*****.]
Gold:   951        SH:  0    Dex: 12    Spells: 10/10 levels left

rFire    + + .     SeeInvis .     - Unarmed
rCold    + + .     Faith    .   (no shield)
rNeg     + + .     Spirit   .   y - +2 robe {rC+ rF+}
rPois    .         Reflect  .   (helmet restricted)
rElec    .         Harm     .   u - scarf {rC+ rF+}
rCorr    .         Rampage  .   (gloves unavailable)
Will     .....                  (boots unavailable)
Stlth    +.........             (no amulet)
HPRegen  1.27/turn              h - +4 ring of slaying
MPRegen  0.14/turn              j - +6 ring of strength

@: spiked, glowing
A: large, unfitting armour, claws 3, regeneration 1, shaggy fur 1, tough skin 1
a: Renounce Religion, Divine Shield, Cleansing Flame, Summon Divine Warrior


You were on level 12 of the Dungeon.
You worshipped the Shining One.
The Shining One was extremely pleased with you.
You visited 2 branches of the dungeon, and saw 13 of its levels.
You also visited: Ossuary.

You collected 1041 gold pieces.
You spent 90 gold pieces at shops.

Inventory:

Missiles
 e - 115 poisoned darts
 g - 21 boomerangs
 w - 2 curare-tipped darts
 A - 14 large rocks (quivered)
Armour
 u - a scarf of resistance (worn)
 y - a +2 robe of resistance (worn)
Jewellery
 f - a ring of protection from fire
 h - a +4 ring of slaying (left claw)
 j - a +6 ring of strength (right claw)
 x - a ring of ice
Wands
 a - a wand of paralysis (19)
 b - a wand of flame (22)
 q - a wand of digging (6)
 t - a wand of polymorph (4)
Scrolls
 i - a scroll of enchant weapon
 l - 8 scrolls of teleportation
 m - a scroll of fog
 s - 2 scrolls of silence
 z - a scroll of magic mapping
 B - a scroll of fear
 C - a scroll of enchant armour
 D - 2 scrolls of amnesia
Potions
 c - 6 potions of heal wounds
 d - 4 potions of curing
 k - 3 potions of brilliance
 n - 2 potions of haste
 o - a potion of resistance
 p - 2 potions of magic
 r - a potion of ambrosia
 v - 3 potions of flight


   Skills:
 - Level 6.4 Fighting
 + Level 8.4 Dodging
 - Level 1.0 Stealth
 * Level 16.0 Unarmed Combat
 + Level 5.7 Invocations


You had 10 spell levels left.
You didn't know any spells.
Your spell library contained the following spells:

 Spells                   Type           Power      Damage    Failure   Level
 Apportation              Tloc           0%         N/A       43%         1
 Blink                    Tloc           N/A        N/A       56%         2
 Corpse Rot               Necr/Air       N/A        N/A       56%         2
 Poisonous Vapours        Pois/Air       0%         N/A       56%         2
 Lesser Beckoning         Tloc           0%         N/A       80%         3
 Passage of Golubria      Tloc           N/A        N/A       99%         4
 Alistair's Intoxication  Tmut/Pois      0%         N/A       100%        5
 Freezing Cloud           Conj/Ice/Air   0%         6-21      100%        5
 Manifold Assault         Tloc           0%         N/A       100%        5
 Silence                  Hex/Air        0%         N/A       100%        5
 Invisibility             Hex            0%         N/A       100%        6
 Lehudib's Crystal Spear  Conj/Erth      0%         10d2      100%        8


Dungeon Overview and Level Annotations

Branches:
Dungeon (12/15)            Temple (1/1) D:7            Lair (0/6) D:10
Ossuary (visited)
    Orc: D:9-12

Altars:
Ashenzari
Cheibriados
Dithmenos
Elyvilon
Fedhas
Gozag
Hepliaklqana
Kikubaaqudgha
Makhleb
Nemelex Xobeh
Okawaru
Qazlal
Ru
Sif Muna
Trog
Uskayaw
Vehumet
Wu Jian
Xom
Yredelemnul
Zin
The Shining One

Shops:
D:2 [   D:10 ?   D:11 =?(*=

Portals:
Trove: D:11 (give 2 scrolls of acquirement)

Annotations:
D:11 3 runed translucent doors, exclusion: obsidian statue, pkoi's ghost, novice MiMo


Innate Abilities, Weirdness & Mutations

You are too large for most types of armour.
You have claws for hands.
Your natural rate of healing is unusually fast.
You are covered in fur. (AC +1)
You have tough skin. (AC +1)


Message History

The manticore looks even sicker.
The manticore is lightly wounded.
Throw: 116 darts (poison)
Press: ? - help, Q - select action, (/) - cycle Shift-Dir - straight line, f/p - manticore
Aim: a manticore (moderately wounded, very poisoned, haloed, 91% to hit)
You throw a poisoned dart. The poisoned dart hits the manticore.
The manticore looks as sick as possible!
The manticore is moderately wounded.
The manticore flicks its tail.
The volley of spikes hits you!
The barbed spikes become lodged in your body.
* * * LOW HITPOINT WARNING * * *
Throw: 17 large rocks
Press: ? - help, Q - select action, (/) - cycle Shift-Dir - straight line, f/p - manticore
Aim: a manticore (moderately wounded, extremely poisoned, haloed, 91% to hit)
You throw a large rock.
The large rock hits the manticore but does no damage.
The manticore is moderately wounded.
The manticore flicks its tail.
The volley of spikes hits you!
The barbed spikes become lodged in your body.
* * * LOW HITPOINT WARNING * * *
Throw: 16 large rocks
Press: ? - help, Q - select action, (/) - cycle Shift-Dir - straight line, f/p - manticore
Aim: a manticore (heavily wounded, extremely poisoned, haloed, 91% to hit)
You throw a large rock. The large rock hits the manticore.
The manticore is heavily wounded.
The manticore flicks its tail.
The volley of spikes hits you!!
The barbed spikes become lodged in your body.
* * * LOW HITPOINT WARNING * * *
The manticore flicks its tail.
The volley of spikes misses you.
Throw: 15 large rocks
Press: ? - help, Q - select action, (/) - cycle Shift-Dir - straight line, f/p - manticore
Aim: a manticore (severely wounded, very poisoned, haloed, 91% to hit)
You throw a large rock. The large rock hits the manticore.
The manticore is severely wounded.
The manticore bites you!!
You die...

################
#..............#
#..............#
#..............#......
#..............#......
#..............#......
###..............#......
.......@.........#......
......H######....#......
..#..(. ................
#.(.. ................
#(.........<..........
#(....................
#....######...........
..... .............
..............


You could see a manticore (very poisoned).

Vanquished Creatures
  A boulder beetle (D:11)
  3 two-headed ogres
  Sonja (D:10)
  A skeletal warrior (D:11)
  4 cyclopes
  A manticore (D:11)
  2 ugly things
  Joseph (D:10)
  A tengu conjurer (D:9)
  Psyche (D:7)
  An unseen horror (D:11)
  Sigmund (D:5)
  2 wraiths
  A wyvern (D:11)
  8 yaks
  A basilisk (D:11)
  2 steam dragons
  Grum (D:10)
  3 vampire mosquitoes (D:11)
  Duvessa (D:4)
  3 water moccasins
  4 orc warriors
  A sky beast (D:5)
  4 ogres
  6 centaurs
  2 wolves (D:10)
  A phantom (D:7)
  A kobold brigand (D:8)
  A wyvern zombie (D:8)
  4 bullfrogs
  A gnoll sergeant (D:10)
  2 scorpions (D:7)
  Dowan (D:4)
  5 killer bees (D:9)
  4 wights
  A howler monkey (D:7)
  A bullfrog zombie (D:7)
  2 centaur zombies
  A hound (D:5)
  2 jellies
  15 orc priests
  A gnoll shaman (D:8)
  Terence (D:3)
  16 orc wizards
  Ijyb (D:5)
  A killer bee zombie (D:8)
  A hound zombie (D:4)
  8 mummies (Ossuary)
  5 adders
  16 gnolls
  A howler monkey skeleton (D:7)
  3 white imps
  An ufetubus (D:5)
  An adder skeleton (D:4)
  2 worms (D:2)
  29 orcs
  5 ball pythons
  6 bats
  4 endoplasms
  4 giant cockroaches
  A gnoll zombie (Ossuary)
  4 goblins
  7 hobgoblins
  13 jackals
  6 kobolds
  3 quokkas
  3 frilled lizards
  3 hobgoblin zombies (Ossuary)
  3 kobold zombies (Ossuary)
  An orc zombie (Ossuary)
  3 rats
252 creatures vanquished.

Vanquished Creatures (others)
  An orc (D:7)
1 creature vanquished.

Grand Total: 253 creatures vanquished

Notes
Turn   | Place    | Note
-------+----------+-------------------------------------------
     0 | D:1      | pkoi the Troll Monk began the quest for the Orb.
     0 | D:1      | Reached XP level 1. HP: 22/22 MP: 0/0
   397 | D:1      | Reached XP level 2. HP: 29/29 MP: 1/1
   553 | D:1      | Reached skill level 4 in Unarmed Combat
   699 | D:1      | Reached XP level 3. HP: 36/36 MP: 2/2
  1030 | D:2      | Found Joudab's Antique Armour Shop.
  1231 | D:2      | Identified a scroll of acquirement
  1231 | D:2      | Acquired a manual of Unarmed Combat
  1432 | D:3      | Reached XP level 4. HP: 44/44 MP: 3/3
  1457 | D:3      | Reached skill level 5 in Unarmed Combat
  1564 | D:3      | Found a faded altar of an unknown god.
  1654 | D:3      | Found a stormy altar of Qazlal.
  1775 | D:3      | Noticed Terence
  2061 | D:4      | Found a shimmering blue altar of Sif Muna.
  2065 | D:4      | Found a basalt altar of Yredelemnul.
  2066 | D:4      | Found a broken altar of Ashenzari.
  2109 | D:4      | Noticed Duvessa
  2109 | D:4      | Noticed Dowan
  2114 | D:4      | Killed Duvessa
  2115 | D:4      | Reached skill level 6 in Unarmed Combat
  2115 | D:4      | Reached XP level 5. HP: 38/52 MP: 4/4
  2123 | D:4      | Killed Dowan
  2124 | D:4      | Reached XP level 6. HP: 48/61 MP: 5/5
  2175 | D:4      | Reached skill level 7 in Unarmed Combat
  2589 | D:5      | Entered Level 5 of the Dungeon
  2603 | D:5      | Found a sand-covered staircase.
  2608 | Ossuary  | Entered an ossuary
  2822 | D:5      | Noticed a sky beast
  2832 | D:5      | Killed a sky beast
  2833 | D:5      | Reached skill level 8 in Unarmed Combat
  2833 | D:5      | Reached XP level 7. HP: 67/67 MP: 6/6
  2917 | D:5      | Noticed Ijyb
  2921 | D:5      | Noticed Sigmund
  2934 | D:5      | Killed Ijyb
  2938 | D:5      | Killed Sigmund
  2939 | D:5      | Reached skill level 9 in Unarmed Combat
  3181 | D:5      | Reached XP level 8. HP: 78/78 MP: 7/7
  3603 | D:6      | Reached skill level 10 in Unarmed Combat
  3904 | D:6      | Reached skill level 11 in Unarmed Combat
  3954 | D:6      | Found a glowing golden altar of the Shining One.
  4241 | D:6      | Became a worshipper of the Shining One
  4241 | D:6      | Reached * piety under the Shining One
  4241 | D:6      | Reached ** piety under the Shining One
  4315 | D:6      | Reached skill level 5 in Fighting
  4364 | D:7      | Reached skill level 5 in Dodging
  4420 | D:7      | Reached XP level 9. HP: 82/88 MP: 8/8
  4460 | D:7      | Reached skill level 12 in Unarmed Combat
  4713 | D:7      | Reached skill level 13 in Unarmed Combat
  4938 | D:7      | Found a staircase to the Ecumenical Temple.
  4944 | Temple   | Entered the Ecumenical Temple
  5057 | D:8      | Reached *** piety under the Shining One
  5062 | D:8      | Noticed Psyche
  5360 | D:3      | Killed Terence
  5539 | D:7      | Killed Psyche
  5715 | D:8      | Found a white marble altar of Elyvilon.
  5726 | D:8      | Identified the +0 buckler of Ghostly Fun {Dex+3}
  5742 | D:8      | Noticed a two-headed ogre
  5747 | D:8      | Killed a two-headed ogre
  5748 | D:8      | Reached XP level 10. HP: 100/100 MP: 9/9
  5830 | D:8      | Reached skill level 14 in Unarmed Combat
  6195 | D:9      | Reached skill level 1 in Invocations
  6350 | D:9      | Noticed a cyclops
  6381 | D:9      | Killed a cyclops
  6579 | D:9      | Noticed an eight-headed hydra
  6706 | D:9      | Reached **** piety under the Shining One
  6708 | D:9      | Found an ancient bone altar of Kikubaaqudgha.
  6994 | D:9      | Noticed a purple ugly thing
  6998 | D:9      | Killed a purple ugly thing
  7137 | D:10     | Entered Level 10 of the Dungeon
  7148 | D:10     | Found a radiant altar of Vehumet.
  7150 | D:10     | Noticed a cyclops
  7159 | D:10     | Killed a cyclops
  7214 | D:10     | Noticed Sonja
  7232 | D:10     | Killed Sonja
  7295 | D:10     | Noticed Grum
  7307 | D:10     | Killed Grum
  7308 | D:10     | Reached XP level 11. HP: 87/107 MP: 12/12
  7372 | D:10     | Noticed a two-headed ogre
  7376 | D:10     | Killed a two-headed ogre
  7377 | D:10     | Reached skill level 15 in Unarmed Combat
  7531 | D:10     | Noticed a two-headed ogre
  7539 | D:10     | Killed a two-headed ogre
  7595 | D:10     | Found a staircase to the Lair.
  7679 | D:10     | Noticed Joseph
  7687 | D:10     | Killed Joseph
  7935 | D:10     | Found Hulaz's Magic Scroll Shoppe.
  7943 | D:10     | Bought a scroll of identify for 30 gold pieces
  7943 | D:10     | Bought a scroll of identify for 30 gold pieces
  7943 | D:10     | Bought a scroll of identify for 30 gold pieces
  8324 | D:11     | Found a portal to a secret trove of treasure.
  8330 | D:11     | Reached skill level 5 in Invocations
  8430 | D:11     | Found Kuskalux's Magic Scroll Boutique.
  8439 | D:11     | Found Nusai's Weapon Emporium.
  8550 | D:11     | Noticed a boulder beetle
  8570 | D:11     | Killed a boulder beetle
  8658 | D:11     | Found Fiegumo's Jewellery Shop.
  8669 | D:11     | Found Fache's Assorted Antiques.
  8876 | D:11     | Noticed an obsidian statue
  9052 | D:11     | Found a runed translucent gate.
  9052 | D:11     | Found a runed translucent gate.
  9053 | D:11     | Found a runed translucent gate.
  9056 | D:11     | Noticed pkoi's ghost (novice MiMo)
  9133 | D:11     | Found Qiruimm's Jewellery Emporium.
  9551 | D:11     | Reached ***** piety under the Shining One
  9569 | D:12     | Noticed a skeletal warrior
  9592 | D:11     | Killed a skeletal warrior
  9593 | D:11     | Reached skill level 16 in Unarmed Combat
  9644 | D:12     | Noticed a white ugly thing
  9653 | D:12     | Killed a white ugly thing
  9657 | D:12     | HP: 3/107 [manticore/volley of spikes (18)]
  9658 | D:12     | Mangled by a manticore

Illustrated notes

Levels and vault maps discovered:
D:1:      nzn_arrival_crosshair, layout_loops_ring, serial_co_window_serial,
          co_window_of_opportunity_a, co_window_corner_a, co_window_paths_a,
          co_window_of_opportunity_a, co_window_corner_a,
          co_window_unsneaky_path_e, co_window_paths_c,
          co_window_unsneaky_path_a, co_window_2corner, co_window_corner_b,
          glass_columns_c, glass_columns_a, chequers_mini_garden
D:2:      layout_basic, serial_shops, shop
D:3:      layout_basic, grunt_qazlal_clouds,
          shapermc_ecumenical_altar_notcrosses, hex_medium, uniq_terence
D:4:      layout_loops_ring, grunt_temple_overflow_open, uniq_duvessa
D:5:      layout_basic, enter_ossuary_5, hangedman_decor_riveting, uniq_sigmund,
          uniq_ijyb
D:6:      layout_rooms, nicolae_tso_carved_into_rock
D:7:      hangedman_cross_stitches, layout_cave_pools,
          minmay_temple_entry_enclosed_plants, amcnicky_mini_pool_small,
          grunt_ministairs_4
D:8:      layout_rooms, elyvilon_altar_3, uniq_psyche
D:9:      layout_gridville, mainiacjoe_overflow_alcove_1, wad_mini_maze
D:10:     layout_basic, vehumet_altar_wand_db, lair_entry_dummy, serial_shops,
          shop, hex_intersection, hangedman_abyss_or_decor_passed, uniq_grum,
          uniq_joseph, uniq_sonja
D:11:     layout_loops_corners, enter_trove_2, serial_shops, shop_fountains,
          nicolae_inconvenience_store, shop_coins, shop, shop,
          gammafunk_ghost_necromancy, minivault_16
D:12:     layout_grid_maze, erik_orc_4
Temple:   zaba_magenta_temple

Skill      XL: |  1  2  3  4  5  6  7  8  9 10 11 |
---------------+----------------------------------+-----
Unarmed Combat | 4 6 8 9 11 13 14 16 | 16.0
Fighting       | 3 4 5 6 |  6.4
Dodging        | 3 4 5 6 7 8 |  8.4
Invocations    | 3 5 |  5.7
Stealth        | |  1.0

Action                   |  1- 3 |  4- 6 |  7- 9 | 10-12 || total
-------------------------+-------+-------+-------+-------++-------
Melee: Unarmed           |    83 |    96 |   163 |   221 ||   563
       Punch             |     1 |     3 |     9 |    11 ||    24
Throw: Dart              |       |       |       |    11 ||    11
       Large rock        |       |       |       |     3 ||     3
  Use: Scroll            |     6 |     5 |     5 |     8 ||    24
       Potion            |     2 |       |       |       ||     2
 Stab: Sleeping          |     3 |     4 |     1 |       ||     8
Armor: Robe              |    36 |    23 |     7 |    38 ||   104
       Skin              |       |       |     7 |       ||     7
       Steam dragon scal |       |       |    47 |       ||    47
Dodge: Dodged            |    46 |    35 |    98 |   129 ||   308
